Map: Symulakrum ER

Players

Legol

  • Race: Protoss Protoss
  • Spawn Location: 11:00

LastSmile - Winner!

  • Race: Protoss Protoss
  • League: Diamond
  • Spawn Location: 5:00

VOD

Have the link to the VOD?

Description

Time

  • Played on: Dec. 27, 2019, 4:21 p.m.
  • Length: 12:45
Show
View Real Time Build Order
Export as new Build Order

Legol Protoss 

Build Orders: Blink Stalkers 

Get SALT Encoding   

  12  0:01  Probe  
  13  0:13  Probe  
  14  0:19  Pylon  
  14  0:25  Probe  
  15  0:37  Probe (Chrono Boost)  
  15  0:39  Gateway  
  16  0:49  Probe (Chrono Boost)  
  17  0:56  Probe (Chrono Boost)  
  18  1:01  Assimilator  
  18  1:03  Probe  
  19  1:14  Pylon  
  19  1:15  Probe  
  20  1:28  Probe, Cybernetics Core  
  21  2:00  Nexus  
  21  2:02  Stalker (Chrono Boost)  
  21  2:03  Assimilator  
  21  2:05  Warp Gate  
  23  2:10  Probe  
  24  2:22  Probe  
  25  2:32  Stalker  
  25  2:34  Probe  
  28  2:42  Gateway  
  28  2:45  Pylon  
  28  2:46  Probe  
  29  2:58  Probe  
  30  3:02  Twilight Council  
  32  3:12  Probe (Chrono Boost)  
  32  3:14  Probe (Chrono Boost)  
  32  3:18  Stalker  
  34  3:24  Probe (Chrono Boost)  
  34  3:25  Probe (Chrono Boost)  
  36  3:33  Stalker, Probe (Chrono Boost)  
  39  3:37  Probe (Chrono Boost)  
  40  3:43  Blink (Chrono Boost)  
  42  3:48  Probe (Chrono Boost)  
  42  3:50  Probe (Chrono Boost)  
  42  4:01  Gateway  
  42  4:08  Probe x2  
  44  4:20  Probe x2  
  44  4:22  Gateway  
  46  4:26  Gateway  
  46  4:32  Probe x2  
  46  4:33  Assimilator  
  46  4:37  Stalker  
  46  4:38  Stalker  
  52  4:48  Probe x2  
  54  5:05  Pylon  
  54  5:07  Pylon  
  54  5:09  Pylon x2  
  54  5:16  Pylon  
  54  5:24  Stalker x3  
  54  5:25  Stalker  
  62  5:36  Pylon  
  62  5:38  Stalker  
  64  5:48  Stalker x4  
  72  6:05  Pylon  
  47  6:31  Probe  
  47  6:32  Probe  
  43  6:33  Assimilator  
  43  6:35  Stalker x4  
  43  6:36  Stalker  
  53  6:42  Robotics Facility  
  53  6:44  Probe  
  54  6:47  Pylon  
  54  6:50  Pylon  
  54  7:00  Stalker x5  
  64  7:06  Shield Battery  
  64  7:09  Shield Battery  
  64  7:13  Shield Battery  
  64  7:22  Stalker x3  
  68  7:23  Stalker x2  
  74  7:45  Stalker x3  
  74  7:47  Stalker  
  74  7:50  Nexus  
  82  7:52  Pylon  
  82  8:00  Observer (Chrono Boost)  
  83  8:07  Templar Archives  
  83  8:08  Charge (Chrono Boost)  
  83  8:16  Probe x2  
  83  8:19  Stalker x3  
  91  8:28  Probe x2  
  93  8:35  Robotics Bay  
  93  8:40  Probe x2  
  95  8:50  Forge  
  95  8:52  Probe x2  
  97  9:04  Probe (Chrono Boost)  
  97  9:06  Probe (Chrono Boost)  
  97  9:07  Probe (Chrono Boost)  
  99  9:11  Shield Battery  
  99  9:13  Shield Battery  
  99  9:16  Probe (Chrono Boost)  
  102  9:18  Colossus (Chrono Boost)  
  102  9:21  Probe x2 (Chrono Boost)  
  108  9:25  Extended Thermal Lance (Chrono Boost)  
  108  9:31  Zealot  
  108  9:32  Zealot x4  
  118  9:40  Probe x2  
  118  9:41  Probe  
  121  9:48  Pylon  
  121  9:50  Pylon  
  121  9:52  Probe x2  
  122  9:53  Protoss Ground Weapons Level 1 (Chrono Boost), Pylon, Probe  
  122  9:58  Gateway  
  124  10:01  Assimilator  
  124  10:03  Colossus (Chrono Boost), Assimilator  
  130  10:11  Zealot  
  130  10:12  Zealot x4  
  140  10:34  Zealot x3  
  140  10:35  Zealot  
  148  10:40  Pylon  
  148  10:43  Pylon  
  148  10:55  Colossus (Chrono Boost)  
  154  11:05  Forge  
  154  11:07  Zealot x5  
  164  11:18  Pylon  
  164  11:21  Pylon  
  164  11:26  Pylon  
  164  11:38  Warp Prism (Chrono Boost)  
  166  11:43  Zealot  
  166  11:44  Zealot x5  
  178  11:47  Nexus  
  178  11:50  Gateway, Assimilator  
  178  11:52  Gateway  
  178  11:54  Assimilator  
  178  11:55  Gateway  
  81  12:35  Zealot x4  
Show
View Real Time Build Order
Export as new Build Order

LastSmile Protoss - Winner!

Build Orders:  

Get SALT Encoding   

  12  0:00  Probe  
  13  0:13  Probe  
  14  0:18  Pylon  
  14  0:25  Probe  
  15  0:37  Probe (Chrono Boost)  
  15  0:39  Gateway  
  16  0:49  Probe (Chrono Boost)  
  17  0:51  Assimilator  
  18  0:57  Probe (Chrono Boost)  
  18  1:04  Probe  
  19  1:16  Probe  
  20  1:28  Probe  
  20  1:29  Cybernetics Core  
  20  1:32  Pylon  
  21  1:40  Probe  
  21  1:42  Assimilator  
  22  1:52  Probe  
  23  2:04  Probe  
  23  2:05  Nexus  
  23  2:06  Stalker (Chrono Boost)  
  24  2:13  Warp Gate  
  26  2:16  Probe  
  27  2:29  Pylon, Probe  
  28  2:33  Sentry  
  30  2:39  Gateway  
  30  2:41  Probe  
  31  2:53  Probe, Shield Battery  
  32  3:02  Stalker  
  32  3:05  Probe  
  35  3:12  Pylon  
  35  3:17  Probe (Chrono Boost)  
  35  3:18  Probe (Chrono Boost)  
  38  3:28  Probe (Chrono Boost)  
  38  3:29  Probe (Chrono Boost)  
  38  3:31  Robotics Facility  
  38  3:33  Probe x2 (Chrono Boost)  
  41  3:42  Stalker  
  41  3:43  Probe x2  
  41  3:46  Stalker  
  47  3:55  Probe  
  47  3:56  Probe  
  49  4:07  Probe  
  49  4:08  Probe  
  51  4:12  Stalker  
  53  4:18  Observer  
  53  4:20  Probe x2 (Chrono Boost)  
  53  4:22  Pylon  
  56  4:28  Nexus  
  56  4:30  Pylon  
  56  4:31  Probe x2 (Chrono Boost)  
  58  4:35  Probe x2 (Chrono Boost)  
  58  4:37  Assimilator  
  60  4:39  Assimilator  
  60  4:41  Stalker  
  62  4:46  Pylon, Probe  
  63  4:53  Immortal  
  63  4:55  Probe  
  63  4:58  Probe  
  69  5:03  Pylon  
  69  5:07  Probe  
  69  5:10  Probe  
  71  5:17  Stalker  
  71  5:18  Stalker  
  71  5:19  Probe  
  76  5:37  Shield Battery  
  76  5:39  Immortal (Chrono Boost), Shield Battery  
  80  5:47  Stalker x2  
  84  6:01  Shield Battery  
  84  6:03  Shield Battery  
  84  6:05  Shield Battery  
  84  6:10  Stalker x2  
  82  6:28  Probe  
  82  6:29  Probe x2  
  82  6:32  Immortal  
  88  6:41  Probe x2  
  88  6:42  Stalker x2  
  88  6:43  Probe  
  95  6:53  Probe x2 (Chrono Boost)  
  97  6:56  Probe (Chrono Boost)  
  98  7:04  Assimilator  
  98  7:05  Probe x2 (Chrono Boost)  
  98  7:06  Assimilator  
  101  7:08  Probe (Chrono Boost)  
  101  7:09  Pylon  
  101  7:12  Immortal  
  101  7:13  Pylon, Probe x2 (Chrono Boost)  
  107  7:17  Stalker  
  107  7:22  Nexus  
  109  7:24  Pylon  
  109  7:27  Pylon  
  109  7:31  Pylon  
  109  7:32  Gateway  
  109  7:33  Gateway  
  109  7:35  Pylon, Gateway  
  109  7:37  Gateway  
  109  7:41  Probe, Forge x2  
  109  7:42  Probe x2  
  109  7:43  Forge  
  112  7:47  Stalker  
  112  7:48  Stalker  
  112  7:50  Twilight Council  
  116  7:53  Probe, Immortal (Chrono Boost)  
  116  7:54  Probe x2  
  123  8:12  Robotics Facility  
  123  8:14  Robotics Facility  
  123  8:18  Pylon  
  123  8:19  Probe x3  
  126  8:22  Pylon  
  126  8:29  Pylon  
  126  8:31  Probe x2  
  126  8:33  Probe x2  
  130  8:38  Pylon  
  130  8:39  Stalker  
  132  8:41  Stalker x3  
  132  8:42  Observer  
  132  8:43  Probe x2  
  132  8:44  Pylon  
  132  8:45  Probe  
  132  8:46  Immortal  
  145  8:50  Templar Archives  
  145  8:55  Pylon  
  145  9:00  Pylon, Assimilator  
  145  9:04  Assimilator  
  145  9:07  Protoss Ground Weapons Level 1 (Chrono Boost), Protoss Shields Level 1 (Chrono Boost), Protoss Ground Armor Level 1 (Chrono Boost)  
  145  9:12  Charge (Chrono Boost)  
  145  9:21  Robotics Bay  
  145  9:33  Pylon  
  145  9:36  Pylon  
  145  9:39  Pylon  
  145  9:42  Immortal  
  145  9:43  Immortal x2  
  157  9:46  Stalker x2, Pylon  
  157  9:50  Nexus  
  157  9:51  Pylon  
  161  9:55  High Templar x4  
  161  9:59  Archon  
  169  10:10  Archon  
  169  10:28  Gateway  
  169  10:30  Gateway  
  169  10:31  Gateway  
  169  10:33  Gateway  
  169  10:35  Gateway  
  169  10:38  Gateway  
  169  10:40  Gateway  
  169  10:44  Gateway  
  169  10:45  Gateway  
  169  10:47  Gateway  
  169  10:49  Pylon  
  169  10:50  Pylon  
  169  10:51  Pylon  
  169  10:52  Extended Thermal Lance  
  169  10:54  Pylon  
  169  10:56  Pylon  
  169  10:57  High Templar  
  169  10:58  High Templar x5, Assimilator  
  169  10:59  Pylon, Assimilator  
  169  11:01  Archon  
  169  11:02  Pylon, Archon  
  169  11:03  Archon  
  181  11:16  Dark Shrine  
  181  11:28  Probe x4  
  185  11:38  Shield Battery  
  185  11:40  Probe  
  185  11:41  Shield Battery  
  185  11:42  Zealot x4  
  185  11:43  Shield Battery, Zealot x3  
  185  11:47  Photon Cannon  
  200  11:48  Photon Cannon  
  200  11:51  Photon Cannon  
  200  11:53  Photon Cannon  
  200  11:55  Photon Cannon  
  200  11:57  Photon Cannon  
  200  12:07  Stargate  
  192  12:09  Stargate  
  192  12:12  Stargate  
  168  12:17  Stargate  
  168  12:19  Stargate  
  168  12:20  Zealot x7  
  168  12:21  Zealot x2  
  168  12:24  Stargate  
  168  12:26  High Templar x2  
  168  12:27  Stargate, High Templar x3  
  168  12:28  High Templar  
  168  12:33  Archon x2  
  168  12:34  Archon  
Tags
 
Composition
Blink Stalkers
League
Diamond
Matchup
PvP
Spawn Locations
Cross Positions
Add a new tag
Caveats
  • Supply blocks, unpowered buildings, or Contaminate may cause inaccurate times.
  • Supply counts are checked every 10 seconds.